 Dungeon Crawl Stone Soup version 0.23.2-1-ga50397a (webtiles) character file.

Game seed: 7607440156327743220

9117 Fang the Fighter (level 11, -5/72 HPs)
             Began as a Gargoyle Berserker on May 6, 2019.
             Was a High Priest of Trog.
             Slain by a skeletal warrior
             ... wielding a +0 short sword
             ... led by a skeletal warrior
              (7 damage)
             ... on level 11 of the Dungeon.
             The game lasted 00:15:50 (10478 turns).

Fang the Fighter (Gargoyle Berserker)              Turns: 10478, Time: 00:15:50

Health: -5/72      AC: 29    Str: 25    XL:     11   Next: 41%
Magic:  11/11      EV: 11    Int:  7    God:    Trog [*****.]
Gold:   725        SH:  0    Dex: 12    Spells: 10/10 levels left

rFire    . . .     SeeInvis .   v - +2 hand axe (flame)
rCold    + . .     Gourm    .   (no shield)
rNeg     + . .     Faith    .   b - +0 plate armour
rPois    ∞         Spirit   .   w - +2 helmet (curse)
rElec    +         Reflect  .   A - scarf {cloud immunity}
rCorr    .         Harm     .   f - +0 pair of gloves {Dex+3}
MR       ++...                  (no boots)
Stlth    ..........             (no amulet)
HPRegen  1.22/turn              s - +2 ring of protection
MPRegen  0.12/turn              j - ring of protection from cold

@: berserk cooldown, regenerating
A: negative energy resistance 1, electricity resistance, unbreathing,
petrification resistance, rot immunity, AC +8
a: Berserk, Trog's Hand, Brothers in Arms, Renounce Religion


You were on level 11 of the Dungeon.
You worshipped Trog.
Trog was extremely pleased with you.
You were not hungry.

You visited 2 branches of the dungeon, and saw 12 of its levels.
You also visited: Ossuary.

You collected 725 gold pieces.

Inventory:

Hand Weapons
 a - a +1 war axe
 v - a +2 hand axe of flaming (weapon)
Armour
 b - a +0 plate armour (worn)
 f - a +0 pair of gloves of dexterity (worn)
 w - a cursed +2 helmet (worn)
 A - a scarf of cloud immunity (worn)
Jewellery
 j - a ring of protection from cold (right hand)
 p - an uncursed ring of stealth
 s - a +2 ring of protection (left hand)
Wands
 e - a wand of scattershot (3)
 l - a wand of paralysis (12)
 n - a wand of digging (3)
Scrolls
 d - 3 scrolls of teleportation
 h - 2 scrolls of magic mapping
 k - 7 scrolls of remove curse
Potions
 g - 3 potions of agility
 i - 9 potions of curing
 m - 5 potions of flight
 o - 2 potions of ambrosia
 t - 3 potions of might
 x - 2 potions of cancellation
 z - 2 potions of brilliance {unknown}
Comestibles
 c - 19 rations


   Skills:
 + Level 10.2 Fighting
 + Level 8.6 Axes
 + Level 9.8 Armour
 + Level 7.6 Dodging


You had 10 spell levels left.
You didn't know any spells.
Your spell library was empty.

Dungeon Overview and Level Annotations

Branches:
Dungeon (11/15)            Temple (1/1) D:5            Lair (0/6) D:10
    Orc (0/2) D:9

Altars:
Cheibriados
Dithmenos
Elyvilon
Fedhas
Kikubaaqudgha
Qazlal
Trog
Uskayaw
Vehumet
Wu Jian
Xom
Zin
The Shining One

Shops:
D:6 [*

Portals:
Trove: D:10 (give +6 fire dragon scales)


Innate Abilities, Weirdness & Mutations

You are resistant to torment.
Your stone body is resilient. (AC +8)
You are immune to poison.
You resist negative energy. (rN+)
You are resistant to electric shocks. (rElec)
You can survive without breathing.
You are immune to petrification.
You are immune to rotting.


Message History

* * * LOW HITPOINT WARNING * * *
You hit the skeletal warrior but do no damage.
The skeletal warrior is almost destroyed.
You feel yourself speed up. The skeletal warrior barely misses you.
The skeletal warrior hits you with a +0 short sword!
* * * LOW HITPOINT WARNING * * *
You hit the skeletal warrior. You burn the skeletal warrior.
The skeletal warrior is almost destroyed.
You barely miss the skeletal warrior.
The skeletal warrior is almost destroyed.
The skeletal warrior closely misses you.
You hit the skeletal warrior but do no damage.
The skeletal warrior is almost destroyed.
The skeletal warrior hits you with a +0 short sword!
* * * LOW HITPOINT WARNING * * *
You closely miss the skeletal warrior.
The skeletal warrior is almost destroyed.
The skeletal warrior hits you with a +0 short sword!
You die...

#### ....##
......######
...........
..........
.........#
.........##
.......@z.#
.......)))#
...........#
...........#
.............
.............#
...............
........$......


You could see a skeletal warrior.

Vanquished Creatures
  A two-headed ogre (D:8)
  3 skeletal warriors (D:11)
  2 oklob plants (D:10)
  Psyche (D:8)
  A molten gargoyle (D:9)
  A troll (D:10)
  2 hippogriffs
  A hungry ghost (D:9)
  2 orc warriors
  2 sky beasts (D:6)
  A black bear (D:10)
  A necrophage (D:7)
  3 phantoms
  4 ogres
  An ice beast (D:8)
  5 centaurs
  3 bullfrogs
  A gnoll sergeant (D:9)
  10 scorpions
  5 killer bees (D:9)
  4 wights (D:10)
  3 howler monkeys
  11 electric eels (D:8)
  A lava snake (D:9)
  3 centaur zombies (Ossuary)
  4 crimson imps
  2 bullfrog zombies
  A quasit (D:8)
  A human zombie (Ossuary)
  A jelly (D:5)
  3 hounds
  A bullfrog skeleton (D:7)
  3 orc priests
  A centaur skeleton (D:4)
  6 orc wizards
  2 iguanas
  9 worker ants
  3 big kobold zombies (Ossuary)
  4 mummies
  A worker ant zombie (D:6)
  5 gnolls (D:9)
  8 adders
  5 scorpion zombies (Ossuary)
  A shadow imp (D:7)
  An adder skeleton (D:9)
  3 worms
  2 dart slugs
  2 leopard geckos
  37 orcs
  9 giant cockroaches
  3 gnoll zombies (Ossuary)
  8 goblins
  12 hobgoblins
  8 jackals
  4 quokkas
  6 bats
  18 frilled lizards
  5 goblin zombies (Ossuary)
  A hobgoblin zombie (D:4)
  A jackal zombie (D:7)
  6 kobolds
  4 kobold zombies
  A leopard gecko skeleton (D:9)
  A quokka skeleton (D:7)
  5 rats
  2 plants (D:10)
272 creatures vanquished.

Vanquished Creatures (collateral kills)
  A giant cockroach (D:8)
1 creature vanquished.

Vanquished Creatures (others)
  2 scorpions (Ossuary)
2 creatures vanquished.

Grand Total: 275 creatures vanquished

Notes
Turn   | Place    | Note
-------+----------+-------------------------------------------
     0 | D:1      | Fang the Gargoyle Berserker began the quest for the Orb.
     0 | D:1      | Reached XP level 1. HP: 14/14 MP: 1/1
   337 | D:1      | Reached XP level 2. HP: 19/19 MP: 2/2
   580 | D:1      | Reached ** piety under Trog
   635 | D:1      | Reached XP level 3. HP: 21/23 MP: 3/3
  1170 | D:2      | Reached XP level 4. HP: 29/29 MP: 4/4
  1546 | D:3      | Reached *** piety under Trog
  1546 | D:3      | Reached skill level 4 in Fighting
  1595 | D:3      | Found a shadowy altar of Dithmenos.
  1752 | D:3      | Noticed a phantom
  1806 | D:3      | Killed a phantom
  1806 | D:3      | Reached XP level 5. HP: 24/34 MP: 5/5
  2328 | D:4      | Found a snail-covered altar of Cheibriados.
  2344 | D:4      | Reached XP level 6. HP: 39/39 MP: 6/6
  2688 | D:4      | Reached skill level 5 in Fighting
  2688 | D:4      | Reached XP level 7. HP: 38/44 MP: 7/7
  2787 | D:4      | Found a sand-covered staircase.
  2797 | Ossuary  | Entered an ossuary
  3228 | Ossuary  | Reached **** piety under Trog
  3506 | Ossuary  | Reached skill level 5 in Armour
  3557 | Ossuary  | Reached XP level 8. HP: 51/51 MP: 8/8
  3615 | Ossuary  | Reached skill level 6 in Fighting
  4026 | Ossuary  | Reached skill level 5 in Axes
  4181 | D:5      | Entered Level 5 of the Dungeon
  4289 | D:5      | Found a blossoming altar of Fedhas.
  4642 | D:5      | Found a staircase to the Ecumenical Temple.
  4693 | D:5      | Reached ***** piety under Trog
  4782 | D:6      | Found Gasunk's Armour Shoppe.
  4964 | D:6      | Found Ytaiheix's General Store.
  4970 | D:6      | Reached skill level 7 in Fighting
  4970 | D:6      | Reached XP level 9. HP: 50/57 MP: 9/9
  4983 | D:6      | Reached skill level 5 in Dodging
  5608 | D:7      | Found a hide-covered altar of Uskayaw.
  5609 | D:7      | Noticed a +0 dagger
  5610 | D:7      | Noticed a +0 dagger
  5954 | D:7      | Found a bloodstained altar of Trog.
  6306 | D:8      | Found a shadowy altar of Dithmenos.
  6306 | D:8      | Found a white marble altar of Elyvilon.
  6306 | D:8      | Found an ancient bone altar of Kikubaaqudgha.
  6306 | D:8      | Found a radiant altar of Vehumet.
  6363 | D:8      | Found a stormy altar of Qazlal.
  6472 | D:8      | Noticed a two-headed ogre
  6482 | D:8      | Killed a two-headed ogre
  6482 | D:8      | Reached skill level 8 in Fighting
  6482 | D:8      | Reached XP level 10. HP: 65/65 MP: 10/10
  7267 | D:8      | Received a gift from Trog
  7810 | D:8      | Noticed Psyche
  7825 | D:8      | Killed Psyche
  7825 | D:8      | Reached skill level 9 in Fighting
  8068 | D:9      | Found a staircase to the Orcish Mines.
  8145 | D:9      | Noticed a molten gargoyle
  8146 | D:9      | Found the +8 storm bow {elec}
  8177 | D:9      | Killed a molten gargoyle
  8510 | D:9      | Found an ornate altar of the Wu Jian Council.
  8592 | D:9      | Found a glowing golden altar of the Shining One.
  8599 | D:9      | Found a shimmering altar of Xom.
  8745 | D:10     | Entered Level 10 of the Dungeon
  9082 | D:10     | Noticed an oklob plant
  9221 | D:10     | Reached XP level 11. HP: 63/71 MP: 11/11
  9232 | D:10     | Found a portal to a secret trove of treasure.
  9281 | D:10     | Noticed an oklob plant
  9445 | Temple   | Entered the Ecumenical Temple
  9849 | D:10     | Found a staircase to the Lair.
  9961 | D:10     | Killed an oklob plant
 10270 | D:10     | Killed an oklob plant
 10415 | D:11     | Noticed a skeletal warrior
 10415 | D:11     | Noticed a skeletal warrior
 10415 | D:11     | Noticed a skeletal warrior
 10427 | D:11     | Noticed a skeletal warrior
 10433 | D:11     | Killed a skeletal warrior
 10433 | D:11     | Reached skill level 10 in Fighting
 10437 | D:11     | Killed a skeletal warrior
 10437 | D:11     | Received a gift from Trog
 10441 | D:11     | Killed a skeletal warrior
 10477 | D:11     | HP: 1/72 [skeletal warrior/+0 short sword[a skeletal
                  | warrior] (11)]
 10478 | D:11     | Slain by a skeletal warrior

Skill      XL: |  1  2  3  4  5  6  7  8  9 10 11 |
---------------+----------------------------------+-----
Axes           | 3 4 5 7 8 |  8.6
Dodging        | 2 3 4 6 7 |  7.6
Armour         | 3 4 5 6 7 9 |  9.8
Fighting       | 4 5 7 8 9 10 | 10.2

Action                   |  1- 3 |  4- 6 |  7- 9 | 10-12 || total
-------------------------+-------+-------+-------+-------++-------
Melee: Hand axe          |   146 |   214 |   524 |   380 ||  1264
Invok: Berserk           |       |     1 |     3 |     4 ||     8
       Trog's Hand       |       |       |       |     1 ||     1
  Use: Scroll            |       |     4 |    13 |     5 ||    22
       Potion            |       |       |       |     1 ||     1
 Stab: Sleeping          |     2 |       |       |       ||     2
  Eat: Chunk             |     1 |     6 |    12 |    14 ||    33
       Ration            |       |       |     1 |     2 ||     3
Armor: Animal skin       |    22 |       |       |       ||    22
       Plate armour      |    74 |   142 |   408 |   271 ||   895
Dodge: Dodged            |    84 |    75 |   196 |   202 ||   557
